 Dungeon Crawl Stone Soup version 0.31-a0-455-g1a7b003ef0 (webtiles) character file.

Game seed: 7009339926698271097

140 Newt the Poker (level 5, -1/44 HPs)
             Began as a Merfolk Gladiator on Aug 3, 2023.
             Was an Initiate of Hepliaklqana.
             Killed by divine providence
             ... invoked by an orc priest
              (17 damage)
             ... on level 4 of the Dungeon.
             The game lasted 00:01:55 (1957 turns).

Newt the Poker (Merfolk Gladiator)                  Turns: 1957, Time: 00:01:56

Health: -1/44      AC:  5    Str: 17    XL:     5   Next: 22%
Magic:  5/5        EV: 18    Int:  7    God:    Hepliaklqana [......]
Gold:   190        SH:  0    Dex: 15    Spells: 4/4 levels left

rFire   . . .        a - +1 trident
rCold   . . .        (no shield)
rNeg    . . .        b - +0 leather armour
rPois   .            c - +0 helmet
rElec   .            (no cloak)
rCorr   .            (no gloves)
SInv    .            j - +0 pair of boots
Will    .....        (no amulet)
Stlth   +            m - +5 ring of evasion
HPRegen 0.27/turn    (no ring)
MPRegen 0.09/turn

%: no passive effects
@: confused
A: (nimble swimmer 2), mertail
a: Renounce Religion


You were on level 4 of the Dungeon.
You worshipped Hepliaklqana.
Hepliaklqana was noncommittal.
You visited 1 branch of the dungeon, and saw 4 of its levels.

You collected 190 gold pieces.

Inventory:

Hand Weapons
 a - a +1 trident (weapon)
Missiles
 d - 4 throwing nets (quivered)
 e - a javelin
Armour
 b - a +0 leather armour (worn)
 c - a +0 helmet (worn)
 j - a +0 pair of boots (worn)
Jewellery
 m - a +5 ring of evasion (left hand)
 t - a ring of fire
Scrolls
 i - a scroll of silence
 k - 2 scrolls of teleportation
 o - a scroll of identify {unknown}
 q - a scroll of fear
Potions
 f - a potion of might {unknown}
 g - a potion of haste {unknown}
 h - a potion of invisibility
 l - a potion of ambrosia
 n - a potion of berserk rage {unknown}
 p - a potion of mutation {unknown}
 r - a potion of magic {unknown}
 s - a potion of heal wounds {unknown}


   Skills:
 - Level 5.0 Fighting
 + Level 5.3 Polearms
 - Level 2.0 Throwing
 - Level 4.0 Dodging


You had 4 spell levels left.
You didn't know any spells.
Your spell library was empty.

Dungeon Overview and Level Annotations

Branches:
Dungeon (4/15)
 Temple: D:4-7

Altars:
Hepliaklqana
Vehumet


Innate Abilities, Weirdness & Mutations

((You are very nimble when in or above water. (Stealth+, EV+, Speed+++)))
Your lower body shifts to a powerful aquatic tail in water.


Message History

The orc priest hits you with a +0 hand axe.
The orc misses you.
You closely miss the orc priest.
The orc priest is severely wounded.
The orc priest hits you but does no damage.
The orc wizard closely misses you. The orc hits you with a +0 flail!
You barely miss the orc priest.
The orc priest is severely wounded.
The orc wizard hits you but does no damage.
The orc priest hits you with a +0 hand axe.
The orc barely misses you.
You hit the orc priest but do no damage.
The orc priest is severely wounded.
The orc wizard gestures at you while chanting.
You are confused.
The orc priest invokes the aid of Beogh against you.
Pain shoots through your body! The orc closely misses you.
You are too confused!
You are too confused!
You are too confused!
The orc wizard attacks as you move away!
The orc wizard hits you but does no damage.
The orc wizard gestures wildly while chanting.
The orc wizard flickers and vanishes!
Deactivating autopickup; reactivate with Ctrl-A.
The orc hits you with a +0 flail.
You closely miss the orc priest.
The orc priest is severely wounded.
The orc priest mumbles some strange prayers to Beogh against you.
Beogh smites you! The orc misses you.
Unknown command.
You barely miss the orc priest.
The orc priest is severely wounded.
The orc hits you but does no damage. The orc priest misses you.
The orc barely misses you.
Unknown command.
You're too confused to move!
The orc misses you. Something closely misses you.
The orc priest calls down the wrath of Beogh upon you.
Beogh smites you!
You die...

## ##.##
#...##
##....##
##......#
#.......##
#..<$....##
#.@o......#
#.oo......#
#.........#
#.........##
#.........#
#........##
#........#
#$......##


You could see an orc priest and 2 orcs.

Vanquished Creatures
  A statue (D:3)
  5 adders
  A dart slug (D:1)
  5 bats
  8 endoplasms
  A giant cockroach (D:1)
  6 goblins
  8 hobgoblins
  10 jackals
  5 kobolds
  A quokka (D:3)
  4 ball pythons
  3 frilled lizards
  6 rats
64 creatures vanquished.

Notes
Turn   | Place    | Note
-------+----------+-------------------------------------------
     0 | D:1      | Newt the Merfolk Gladiator began the quest for the Orb.
     0 | D:1      | Reached XP level 1. HP: 16/16 MP: 1/1
    85 | D:1      | Reached XP level 2. HP: 24/24 MP: 2/2
   248 | D:1      | Reached XP level 3. HP: 29/30 MP: 3/3
   585 | D:1      | Found a faded altar of an unknown god.
   777 | D:2      | Reached XP level 4. HP: 38/38 MP: 4/4
  1165 | D:3      | Reached skill level 5 in Fighting
  1268 | D:3      | Found a hazy altar of Hepliaklqana.
  1278 | D:3      | Became a worshipper of Hepliaklqana the Forgotten
  1366 | D:3      | Found a radiant altar of Vehumet.
  1366 | D:3      | Noticed a charred statue
  1373 | D:3      | Killed a charred statue
  1374 | D:3      | Reached skill level 5 in Polearms
  1374 | D:3      | Reached XP level 5. HP: 42/44 MP: 5/5
  1957 | D:4      | Killed from afar by an orc priest

Illustrated notes

Levels and vault maps discovered:
D:1:      tekkud_arrival_beachfront_property, layout_rooms,
          hellmonk_ecumenical_altar_defaced_shrine
D:2:      layout_rooms
D:3:      layout_basic, vehumet_statue, lemuel_coloured_pillars_altar
D:4:      layout_cave_pods

Skill      XL: |  1  2  3  4 |
---------------+-------------+-----
Fighting       | 3 4 5 |  5.0
Polearms       | 5 |  5.3
Throwing       | |  2.0
Dodging        | |  4.0

Action                     |  1- 3 |  4- 6 || total
---------------------------+-------+-------++-------
  Melee: Trident           |   117 |    82 ||   199
         Punch             |     2 |       ||     2
    Use: Scroll            |     4 |     1 ||     5
         Potion            |     2 |       ||     2
   Stab: Invisible         |     1 |       ||     1
         Sleeping          |       |     2 ||     2
 Armour: Leather armour    |    28 |    21 ||    49
  Dodge: Dodged            |    77 |    71 ||   148

Table legend: (Time is in decaauts)
 A = Elapsed time spent in this place.
 B = Non-inter-level travel time spent in this place.
 C = Inter-level travel time spent in this place.
 D = Time resting spent in this place.
 E = Time spent auto-exploring this place.
 F = Levels seen in this place.
 G = Mean time per level.
                   A        B        C        D        E       F      G
               +--------+--------+--------+--------+--------+-----+--------+
         Total |   1972 |   1890 |     82 |     27 |   1462 |   4 |  493.0 |
       Dungeon |   1972 |   1890 |     82 |     27 |   1462 |   4 |  493.0 |
               +--------+--------+--------+--------+--------+-----+--------+

Top non-repeatable levels by time:
     D:3: 795 daAuts
     D:1: 623 daAuts
     D:2: 540 daAuts
     D:4: 12 daAuts
